 Dungeon Crawl Stone Soup version 0.26-a0-649-gf8c6c3aab7 (webtiles) character file.

Game seed: 4163480143311555264

127 BruceWayne the Ruffian (level 5, -6/41 HPs)
             Began as a Human Berserker on Sept 26, 2020.
             Was a Believer of Trog.
             Killed from afar by an orc priest (12 damage)
             ... with an iceblast
             ... on level 3 of the Dungeon.
             The game lasted 00:04:32 (3008 turns).

BruceWayne the Ruffian (Human Berserker)            Turns: 3008, Time: 00:04:32

Health: -6/41      AC:  3    Str: 18    XL:     5   Next: 33%
Magic:  5/5        EV: 13    Int:  7    God:    Trog [**....]
Gold:   53         SH:  0    Dex: 13    Spells: 4/4 levels left

rFire    . . .     SeeInvis .     - Unarmed
rCold    . . .     Faith    .   (no shield)
rNeg     + . .     Spirit   .   a - +0 animal skin
rPois    .         Reflect  .   (no helmet)
rElec    .         Harm     .   j - +0 cloak
rCorr    .         Rampage  .   (no gloves)
MR       .....                  (no boots)
Stlth    ++........             (no amulet)
HPRegen  0.13/turn              e - ring of positive energy
MPRegen  0.09/turn              (no ring)

@: berserk cooldown, slowed, very slow
A: no striking features
a: Berserk, Trog's Hand, Renounce Religion


You were on level 3 of the Dungeon.
You worshipped Trog.
Trog was pleased with you.
You visited 1 branch of the dungeon, and saw 3 of its levels.

You collected 53 gold pieces.

Inventory:

Missiles
 o - 34 stones (quivered)
Armour
 a - a +0 animal skin (worn)
 j - a +0 cloak (worn)
Jewellery
 e - a ring of positive energy (left hand)
Wands
 l - a wand of iceblast (7)
Scrolls
 c - 3 scrolls of identify {unknown}
 d - a scroll of enchant armour {unknown}
 g - 2 scrolls of remove curse {unknown}
 i - a scroll of blinking {unknown}
 k - a scroll of fog {unknown}
 m - a scroll of random uselessness {unknown}
 n - 3 scrolls of enchant weapon {unknown}
 p - a scroll of amnesia {unknown}
Potions
 b - a potion of haste
 f - a potion of stabbing {unknown}
 h - a potion of heal wounds {unknown}


   Skills:
 + Level 3.5 Fighting
 + Level 2.0 Armour
 + Level 3.0 Dodging
 + Level 1.6 Stealth
 + Level 4.3 Unarmed Combat


You had 4 spell levels left.
You didn't know any spells.
Your spell library was empty.

Dungeon Overview and Level Annotations

Branches:
Dungeon (3/15)

Altars:
Ashenzari


Message History

The orc priest mumbles some strange prayers to Beogh against you.
Beogh smites you!
* * * LOW HITPOINT WARNING * * *
Okay, then.
A red film seems to cover your vision as you go berserk!
You feel yourself moving faster!
You feel mighty!
The orc priest mumbles some strange prayers to Beogh against you.
Beogh smites you!
* * * LOW HITPOINT WARNING * * *
You feel a strong urge to attack something.
You hear the rapid rusting of a very distant drain.
You feel your anger nearly subside.
You are no longer berserk.
You are exhausted.
You feel yourself slow down.
The orc priest zaps a wand.
The mass of ice explodes!
The iceblast engulfs the orc!
The orc dies!
The iceblast engulfs you!
You die...

......# s.....#
...)..# ......#
......#############
.......o.o..o...o.#
################.##
#)# #@# #.# #.# #.#
#.# #.# #.# #.# #.#


You could see an orc priest (fast).

Vanquished Creatures
  An orc wizard (D:2)
  4 adders
  A worm (D:2)
  2 dart slugs
  5 leopard geckos
  2 orcs
  6 bats
  2 giant cockroaches
  2 hobgoblins
  3 jackals
  4 quokkas
  A ball python (D:2)
  2 frilled lizards
  5 goblins
  5 kobolds
  6 rats
51 creatures vanquished.

Vanquished Creatures (others)
  An orc (D:3)
1 creature vanquished.

Grand Total: 52 creatures vanquished

Notes
Turn   | Place    | Note
-------+----------+-------------------------------------------
     0 | D:1      | BruceWayne the Human Berserker began the quest for the Orb.
     0 | D:1      | Reached XP level 1. HP: 18/18 MP: 1/1
   181 | D:1      | Reached XP level 2. HP: 22/24 MP: 2/2
  1102 | D:1      | Reached XP level 3. HP: 25/29 MP: 3/3
  1691 | D:2      | Reached skill level 1 in Stealth
  1792 | D:2      | Reached ** piety under Trog
  1796 | D:2      | Reached XP level 4. HP: 35/35 MP: 4/4
  2020 | D:2      | Found a broken altar of Ashenzari.
  2535 | D:2      | Reached skill level 4 in Unarmed Combat
  2535 | D:2      | Reached XP level 5. HP: 41/41 MP: 5/5
  3008 | D:3      | Killed from afar by an orc priest

Illustrated notes

Levels and vault maps discovered:
D:1:      minmay_arrival_solitary_statue, layout_loops_corners,
          minmay_misc_feat_cross
D:2:      layout_basic, ashenzari_conservatory_becter
D:3:      layout_basic, portal_sewer_entry_e

Skill      XL: |  1  2  3  4 |
---------------+-------------+-----
Stealth        | 1 |  1.6
Dodging        | 3 |  3.0
Unarmed Combat | 4 |  4.3
Fighting       | |  3.5
Armour         | |  2.0

Action                   |  1- 3 |  4- 6 || total
-------------------------+-------+-------++-------
Melee: Unarmed           |    99 |    73 ||   172
       Punch             |     1 |     2 ||     3
Invok: Berserk           |     3 |     6 ||     9
 Stab: Sleeping          |     2 |     1 ||     3
Armor: Animal skin       |    27 |    16 ||    43
Dodge: Dodged            |    78 |    54 ||   132

Table legend: (Time is in decaauts)
 A = Elapsed time spent in this place.
 B = Non-inter-level travel time spent in this place.
 C = Inter-level travel time spent in this place.
 D = Time resting spent in this place.
 E = Time spent auto-exploring this place.
 F = Levels seen in this place.
 G = Mean time per level.
                   A        B        C        D        E       F      G
               +--------+--------+--------+--------+--------+-----+--------+
         Total |   3079 |   2848 |    231 |   1029 |   1436 |   3 | 1026.3 |
       Dungeon |   3079 |   2848 |    231 |   1029 |   1436 |   3 | 1026.3 |
               +--------+--------+--------+--------+--------+-----+--------+

Top non-repeatable levels by time:
     D:1: 1437 daAuts
     D:2: 1413 daAuts
     D:3: 229 daAuts
